 Dungeon Crawl Stone Soup version 0.28-a0-245-g639a1a48b9 (webtiles) character file.

Game seed: 9860065497539876964

6955 robertstho the Thaumaturge (level 11, -20/114 HPs)
             Began as a Djinni Fire Elementalist on Aug 24, 2021.
             Was an Initiate of Gozag.
             Demolished by a white ugly thing (29 damage)
             ... on level 11 of the Dungeon.
             The game lasted 00:15:25 (12911 turns).

robertstho the Thaumaturge (DjFE)                  Turns: 12911, Time: 00:15:27

Health: -20/114    AC:  7    Str:  7    XL:     11   Next: 28%
Gold:   614        EV: 13    Int: 22    God:    Gozag SH:  5 Dex: 14

rFire   + + +      SeeInvis .   f - +1 dagger (elec)
rCold   . . .      Faith    .   (no shield)
rNeg    . . .      Spirit   .   a - +0 robe
rPois   ∞          Reflect  +   (no helmet)
rElec   .          Harm     .   e - scarf {rC+ rF+}
rCorr   .          Rampage  .   l - +0 pair of gloves
Will    +++..                   (boots unavailable)
Stlth   ..........              m - amulet of reflection
HPRegen 0.29/turn               d - ring of willpower
MPRegen 0.00/turn               B - ring "Evugh" {Will+ AC+4 Int+2}

@: berserking, gold aura, flying, very slightly contaminated, very quick
A: sickness immunity, fire resistance 2, cold vulnerability 1, float, innate
caster, hp casting, extra vitality 1
a: Renounce Religion, Potion Petition, Call Merchant, Bribe Branch


You were on level 11 of the Dungeon.
You worshipped Gozag.
Gozag was pleased with you.
You visited 1 branch of the dungeon, and saw 11 of its levels.
You also visited: Sewer.

You collected 1781 gold pieces.
You spent 792 gold pieces at shops.
You paid 375 gold pieces to Gozag.

Inventory:

Hand Weapons
 f - a +1 dagger of electrocution (weapon)
Missiles
 o - a throwing net
Armour
 a - a +0 robe (worn)
 e - a scarf of resistance (worn)
 l - a +0 pair of gloves (worn)
 s - a +0 buckler
Jewellery
 b - a ring of positive energy
 d - a ring of willpower (left hand)
 m - an amulet of reflection (around neck)
 B - the ring "Evugh" (right hand) {Will+ AC+4 Int+2}
   (You bought it in a shop on level 7 of the Dungeon)

   [ring of protection]

   AC:        It affects your AC (+4).
   Int:       It affects your intelligence (+2).
   Will:      It increases your willpower.
Wands
 t - a wand of iceblast (24)
 C - a wand of digging (5)
 G - a wand of acid (10)
Scrolls
 k - 6 scrolls of identify
 w - a scroll of vulnerability
 x - 3 scrolls of blinking {unknown}
 y - 2 scrolls of noise {unknown}
 z - 6 scrolls of teleportation {unknown}
 A - 2 scrolls of amnesia {unknown}
 D - 2 scrolls of enchant armour {unknown}
 E - 3 scrolls of enchant weapon {unknown}
Potions
 c - a potion of brilliance
 g - 4 potions of might
 h - a potion of berserk rage
 i - a potion of resistance {unknown}
 j - a potion of cancellation
 n - 4 potions of lignification
 p - a potion of attraction {unknown}
 q - 3 potions of invisibility
 r - 5 potions of heal wounds {unknown}
 u - a potion of experience {unknown}
 v - 3 potions of haste
 F - a potion of curing


   Skills:
 * Level 5.7 Fighting
 + Level 0.2 Short Blades
 + Level 3.7 Dodging
 + Level 4.1 Stealth
 + Level 1.5 Shields
 * Level 11.3 Spellcasting


You had 2 spell levels left.
You knew the following spells:

 Your Spells              Type           Power      Damage    Failure   Level
a - Foxfire               Conj/Fire      100%       2x1d9     1%          1
b - Conjure Flame         Conj/Fire      58%        6-21      1%          3
c - Inner Flame           Hex/Fire       58%        N/A       1%          3
d - Sticky Flame          Conj/Fire      58%        2d7       1%          4
e - Fireball              Conj/Fire      29%        3d13      1%          5
f - Pain                  Necr           100%       1d9       1%          1
g - Corpse Rot            Necr/Air       N/A        N/A       1%          2
h - Blink                 Tloc           N/A        N/A       1%          2
i - Passage of Golubria   Tloc           N/A        N/A       1%          4
j - Alistair's Intoxicat  Tmut/Pois      38%        N/A       1%          5
Your spell library was empty.

Dungeon Overview and Level Annotations

Branches:
Dungeon (11/15)            Temple (0/1) D:6            Lair (0/6) D:11
  Sewer (visited)
    Orc: D:9-12

Altars:
Cheibriados
Elyvilon
Fedhas
Gozag
Hepliaklqana
Makhleb
Nemelex Xobeh
Okawaru
Wu Jian
Xom
Yredelemnul

Shops:
D:7 =


Innate Abilities, Weirdness & Mutations

You are immune to sickness and miasma.
You are immune to poison.
Your flesh is very heat resistant. (rF++)
You are vulnerable to cold. (rC-)
You float through the air rather than walking.
You learn spells naturally, not from books.
Your magical power is your life essence.
You have superior vitality. (+4 HP)


Message History

The centaur warrior zombie burns!
The centaur warrior zombie hits you but does no damage.
The centaur warrior zombie kicks you.
* * * LOW HITPOINT WARNING * * *
You feel better.
The bullfrog is no longer distracted by gold.
The centaur warrior zombie burns!
You destroy the centaur warrior zombie!
The bullfrog hits something.
Okay, then. [a] - 325 gold - heal wounds, curing and berserk rage [b] - 250 gold - heal wounds and berserk rage [c] - 140 gold - heal wounds Purchase which effect?
You no longer have enough gold to fund merchants seeking to open stores in the dungeon.
You feel much better.
You feel better.
A red film seems to cover your vision as you go berserk!
You feel yourself moving faster!
You feel mighty!
The bullfrog hits something!
The white ugly thing gores you! The white ugly thing freezes you!!
The bullfrog hits something.
You hit the white ugly thing.
The white ugly thing is lightly wounded.
The bullfrog hits the plant.
The plant begins to die.
The white ugly thing gores you but does no damage.
You puncture the white ugly thing!
Lightning courses through the white ugly thing!
The white ugly thing is moderately wounded.
The bullfrog hits the fungus!
The fungus begins to die.
You closely miss the white ugly thing.
The white ugly thing is moderately wounded.
The white ugly thing gores you! The white ugly thing freezes you!!
* * * LOW HITPOINT WARNING * * *
The bullfrog hits the plant.
You barely miss the white ugly thing.
The white ugly thing is moderately wounded.
The white ugly thing gores you!
* * * LOW HITPOINT WARNING * * *
The white ugly thing freezes you!!
You die...
Your body crumbles into a pile of gold.

.. $ .. .#
####.# #.<#.#
#..#.#
######..#.#
#:....@...#
#.....u####
#......#
#......####
#........P....
#....PP....PP.
#........PPPPP..
#.#P.....P..S.P.
#.#..$.$....PP.P


You could see a white ugly thing.

Vanquished Creatures
  A two-headed ogre (D:9)
  Psyche (D:10)
  Grinder (Sewer)
  6 yaks (D:10)
  A wyvern (D:10)
  2 steam dragons
  Menkaure (D:7)
  An acid dragon (D:8)
  2 water moccasins (D:11)
  3 black bears (D:11)
  4 orc warriors
  2 sky beasts
  2 ice beasts
  A necrophage (Sewer)
  2 ogres
  2 centaurs
  A kobold brigand (Sewer)
  A phantom (D:6)
  2 bullfrogs
  3 scorpions
  5 wights
  10 howler monkeys
  4 centaur zombies
  8 orc priests
  A gnoll shaman (D:5)
  5 iguanas
  10 orc wizards
  A howler monkey zombie (D:6)
  6 gnolls
  A river rat (D:6)
  8 adders
  A howler monkey skeleton (D:7)
  3 shadow imps (Sewer)
  A white imp (D:7)
  2 ufetubi (Sewer)
  An adder skeleton (D:4)
  4 worms
  2 dart slugs
  23 orcs
  7 bats
  11 endoplasms
  9 giant cockroaches
  7 goblins
  6 hobgoblins
  5 jackals (D:1)
  5 quokkas
  8 ball pythons
  4 frilled lizards
  A giant cockroach zombie (Sewer)
  23 kobolds
  2 kobold zombies (Sewer)
  5 rats
  A toadstool (D:3)
229 creatures vanquished.

Vanquished Creatures (collateral kills)
  A foxfire (D:3)
1 creature vanquished.

Vanquished Creatures (others)
  739 foxfires
  17 fungi
  20 plants (D:11)
  2 toadstools (D:3)
778 creatures vanquished.

Grand Total: 1008 creatures vanquished

Notes
Turn   | Place    | Note
-------+----------+-------------------------------------------
     0 | D:1      | robertstho the Djinni Fire Elementalist began the quest for
                  | the Orb.
     0 | D:1      | Reached XP level 1. HP: 15/15 MP: 0/0
   174 | D:1      | Reached XP level 2. HP: 19/22 MP: 0/0
   240 | D:1      | Found a faded altar of an unknown god.
   834 | D:1      | Reached skill level 3 in Spellcasting
   834 | D:1      | Reached XP level 3. HP: 24/26 MP: 0/0
   834 | D:1      | Learned a level 1 spell: Pain
  1782 | D:2      | Reached XP level 4. HP: 26/31 MP: 0/0
  1911 | D:2      | Reached skill level 1 in Fighting
  2080 | D:2      | Found a snail-covered altar of Cheibriados.
  2572 | D:3      | Reached XP level 5. HP: 35/37 MP: 0/0
  2572 | D:3      | Learned a level 2 spell: Corpse Rot
  2836 | D:3      | Found an ornate altar of the Wu Jian Council.
  2863 | D:3      | Found an opulent altar of Gozag.
  2880 | D:3      | Became a worshipper of Gozag Ym Sagoz the Greedy
  2898 | D:3      | Reached skill level 4 in Spellcasting
  3337 | D:3      | You are sucked into a shaft and drop 1 floor!
  3821 | D:4      | Reached XP level 6. HP: 38/42 MP: 0/0
  3912 | D:4      | Found a white marble altar of Elyvilon.
  3928 | D:4      | Found a burning altar of Makhleb.
  4107 | D:4      | Reached skill level 5 in Spellcasting
  4391 | D:4      | Reached XP level 7. HP: 19/47 MP: 0/0
  4391 | D:4      | Learned a level 2 spell: Blink
  4715 | D:5      | Entered Level 5 of the Dungeon
  5043 | D:5      | Found a sparkling altar of Nemelex Xobeh.
  5397 | D:5      | Found a shimmering altar of Xom.
  5397 | D:5      | Found a basalt altar of Yredelemnul.
  5398 | D:5      | Found a hazy altar of Hepliaklqana.
  5816 | D:6      | Reached skill level 6 in Spellcasting
  5819 | D:6      | Reached XP level 8. HP: 45/54 MP: 0/0
  6069 | D:6      | Found a glowing drain.
  6105 | Sewer    | Entered a sewer
  6705 | Sewer    | Noticed Grinder
  6715 | Sewer    | Killed Grinder
  6716 | Sewer    | Reached skill level 7 in Spellcasting
  7089 | D:6      | Found a staircase to the Ecumenical Temple.
  7120 | D:6      | HP: 2/56 [orc warrior (14)]
  7698 | D:6      | Reached XP level 9. HP: 53/60 MP: 0/0
  7698 | D:6      | Learned a level 4 spell: Passage of Golubria
  8189 | D:6      | Found a blossoming altar of Fedhas.
  8221 | D:7      | Reached skill level 8 in Spellcasting
  8413 | D:7      | Noticed Menkaure
  8417 | D:7      | Killed Menkaure
  9074 | D:7      | Reached skill level 1 in Shields
  9170 | D:7      | Found Pawkukh's Jewellery Emporium.
  9347 | D:7      | Bought the ring "Evugh" {Will+ AC+4 Int+2} for 792 gold
                  | pieces
  9612 | D:8      | Reached skill level 9 in Spellcasting
  9843 | D:8      | Reached XP level 10. HP: 39/68 MP: 0/0
 10323 | D:8      | Found an iron altar of Okawaru.
 10697 | D:9      | Noticed a two-headed ogre
 10701 | D:9      | Killed a two-headed ogre
 11278 | D:9      | Reached skill level 10 in Spellcasting
 11444 | D:10     | Entered Level 10 of the Dungeon
 11485 | D:10     | Noticed Psyche
 11488 | D:10     | Killed Psyche
 11489 | D:10     | Reached skill level 5 in Fighting
 12231 | D:10     | Reached XP level 11. HP: 30/76 MP: 0/0
 12231 | D:10     | Learned a level 5 spell: Alistair's Intoxication
 12891 | D:11     | Reached skill level 11 in Spellcasting
 12891 | D:11     | Noticed a white ugly thing
 12901 | D:11     | Found a staircase to the Lair.
 12911 | D:11     | Demolished by a white ugly thing

Illustrated notes

Levels and vault maps discovered:
D:1:      lightli_arrival_farm, layout_basic, basic_ecumenical_altar,
          minmay_split_cup_large
D:2:      minmay_chambers_of_twos, layout_rooms, basic_altar
D:3:      minmay_chambers_of_threes, layout_rooms, nicolae_wu_jian_wuxing_cycle,
          mainiacjoe_overflow_small_starburst, grunt_ministairs_5,
          minmay_gold_behind_fungi, ebering_dispersal_statue_hall
D:4:      layout_loops_ring, mainiacjoe_overflow_large_starburst
D:5:      layout_loops_cross, mainiacjoe_overflow_surrounded_room,
          gammafunk_temple_overflow_forgotten
D:6:      layout_loops_ring, fedhas_altar_4, minmay_temple_entry_statues,
          portal_sewer_entry_a
D:7:      layout_loops_cross, serial_shops, shop, uniq_menkaure
D:8:      layout_loops_ring, okawaru_metal_pillars_1_2,
          minmay_misc_feat_enclosed
D:9:      layout_roguey
D:10:     layout_cave_pods, uniq_psyche
D:11:     layout_basic, due_lair_maze_entry_diamond,
          kennysheep_orc_monster_closet_entryway, serial_shops,
          nicolae_lakefront_shop, nicolae_shop_clearance, uniq_grum

Skill      XL: |  1  2  3  4  5  6  7  8  9 10 11 |
---------------+----------------------------------+-----
Spellcasting   | 3 4 5 6 7 9 10 11 | 11.3
Fighting       | 1 2 3 4 5 |  5.7
Stealth        | 2 3 4 |  4.1
Dodging        | 3 |  3.7
Shields        | 1 |  1.5
Short Blades   | |  0.2

Action                   |  1- 3 |  4- 6 |  7- 9 | 10-12 || total
-------------------------+-------+-------+-------+-------++-------
Melee: Dagger            |       |     2 |    20 |    16 ||    38
 Cast: Foxfire           |    80 |   162 |   219 |       ||   461
       Sticky Flame      |       |     2 |    11 |     5 ||    18
       Fireball          |       |       |    19 |    54 ||    73
Invok: Potion Petition   |       |       |       |     1 ||     1
  Use: Scroll            |       |     1 |     6 |       ||     7
       Potion            |       |       |     3 |     1 ||     4
 Stab: Sleeping          |       |       |     2 |       ||     2
Armor: Robe              |     4 |     4 |     3 |    21 ||    32
Dodge: Dodged            |    15 |    16 |    25 |    10 ||    66
Block: Other             |       |     5 |    12 |     5 ||    22
       Reflection        |       |       |     2 |     1 ||     3

Table legend: (Time is in decaauts)
 A = Elapsed time spent in this place.
 B = Non-inter-level travel time spent in this place.
 C = Inter-level travel time spent in this place.
 D = Time resting spent in this place.
 E = Time spent auto-exploring this place.
 F = Levels seen in this place.
 G = Mean time per level.
                   A        B        C        D        E       F      G
               +--------+--------+--------+--------+--------+-----+--------+
         Total |  12893 |  12588 |    305 |   1073 |  10058 |  12 | 1074.4 |
       Dungeon |  12011 |  11706 |    305 |   1073 |   9383 |  11 | 1091.9 |
         Sewer |    881 |    881 |      0 |      0 |    675 |   1 |  881.0 |
               +--------+--------+--------+--------+--------+-----+--------+

Top non-repeatable levels by time:
     D:6: 1540 daAuts
     D:7: 1453 daAuts
     D:4: 1377 daAuts
     D:1: 1295 daAuts
     D:2: 1271 daAuts
     D:9: 1187 daAuts
    D:10: 1173 daAuts
     D:5: 1064 daAuts
   Sewer: 881 daAuts
     D:8: 843 daAuts
     D:3: 767 daAuts
    D:11: 36 daAuts
